Map: Arctic Flowers LE

Players

Siegfried - Winner!

  • Race: Zerg Zerg
  • League: Gold
  • Spawn Location: 7:00

Ulfast - Winner!

  • Race: Terran Terran
  • League: Master
  • Spawn Location: 7:00

Ekelpack

  • Race: Zerg Zerg
  • Spawn Location: 1:00

Nyck

  • Race: Terran Terran
  • Spawn Location: 1:00

VOD

Have the link to the VOD?

Description

Time

  • Played on: March 26, 2025, 3:41 p.m.
  • Length: 18:32
Show
View Real Time Build Order
Export as new Build Order

Siegfried Zerg - Winner!

Build Orders: Pool First 

Get SALT Encoding   

  12  0:01  Drone  
  13  0:09  Drone  
  14  0:29  Spawning Pool  
  13  0:37  Drone  
  14  0:43  Extractor  
  13  1:06  Hatchery  
  13  1:08  Drone x2  
  14  1:11  Overlord  
  14  1:30  Overlord  
  14  1:37  Drone  
  15  1:43  Zergling x2  
  15  1:46  Queen  
  18  1:52  Drone  
  19  1:58  Extractor  
  18  2:05  Drone  
  19  2:13  Zergling x2  
  20  2:20  Zergling x2  
  21  2:24  Drone  
  21  2:28  Lair  
  22  2:31  Drone  
  22  2:36  Drone  
  24  2:40  Metabolic Boost  
  24  2:48  Drone  
  24  2:50  Drone  
  26  2:56  Drone  
  27  2:59  Drone  
  27  3:05  Zergling x2  
  29  3:16  Drone x3  
  29  3:17  Drone  
  33  3:31  Spire  
  32  3:37  Drone  
  32  3:38  Extractor x2  
  32  3:41  Drone x2  
  32  3:46  Drone  
  34  3:53  Drone x2  
  32  4:29  Drone x4  
  36  4:38  Overlord x3  
  36  4:39  Overlord  
  36  4:52  Zerg Flyer Weapons Level 1  
  36  4:58  Drone x3, Extractor  
  38  5:00  Hatchery  
  38  5:05  Drone x2  
  38  5:06  Drone  
  40  5:14  Mutalisk  
  40  5:15  Corruptor  
  44  5:21  Corruptor  
  44  5:23  Drone x2  
  44  5:27  Drone  
  49  5:35  Queen  
  49  5:39  Drone  
  49  5:40  Drone x2  
  54  5:46  Overlord  
  54  5:49  Overlord  
  54  5:52  Overlord  
  54  5:57  Corruptor  
  56  6:07  Spore Crawler x2  
  56  6:09  Spore Crawler  
  53  6:13  Spore Crawler  
  53  6:18  Corruptor x2  
  52  6:24  Corruptor  
  58  6:32  Corruptor  
  56  6:36  Corruptor  
  60  6:40  Corruptor  
  62  6:47  Drone x3  
  62  6:48  Overseer  
  65  6:58  Spore Crawler, Corruptor  
  66  7:08  Spore Crawler x2, Corruptor  
  64  7:12  Zerg Flyer Armor Level 1  
  66  7:16  Drone x3  
  66  7:21  Corruptor  
  71  7:33  Corruptor x2  
  75  7:47  Corruptor x2  
  75  7:48  Corruptor  
  75  7:50  Drone  
  82  8:04  Corruptor x2  
  86  8:09  Drone  
  86  8:10  Drone x4  
  91  8:14  Extractor  
  91  8:18  Corruptor  
  92  8:34  Corruptor x4  
  90  8:38  Overlord  
  98  9:01  Spore Crawler  
  97  9:03  Drone  
  98  9:10  Spore Crawler, Drone x4  
  98  9:12  Spore Crawler  
  98  9:13  Spore Crawler  
  98  9:15  Spore Crawler  
  98  9:16  Extractor  
  97  9:17  Drone x2  
  97  9:18  Drone  
  97  9:19  Drone, Hatchery  
  97  9:20  Extractor  
  99  9:26  Spore Crawler  
  99  9:30  Spore Crawler  
  97  9:32  Spore Crawler, Zerg Flyer Weapons Level 2  
  94  10:03  Drone x3  
  95  10:13  Drone x3, Infestation Pit  
  97  10:15  Drone x3  
  97  10:16  Drone x3  
  97  10:17  Drone  
  104  10:22  Overlord x3  
  104  10:31  Drone x2  
  104  10:32  Drone  
  107  10:37  Overlord  
  107  10:38  Overlord x4  
  107  10:51  Drone x2  
  107  10:52  Drone x4  
  107  10:56  Spore Crawler  
  112  10:59  Spore Crawler  
  111  11:04  Drone  
  111  11:05  Spore Crawler  
  111  11:10  Hive  
  111  11:16  Spore Crawler, Drone  
  111  11:17  Drone x2  
  111  11:18  Spore Crawler, Drone x3  
  114  11:20  Spore Crawler  
  102  11:38  Spine Crawler  
  102  11:39  Spine Crawler  
  98  11:41  Spine Crawler  
  98  11:42  Spine Crawler  
  98  11:45  Hatchery  
  98  11:46  Spore Crawler  
  94  11:50  Spine Crawler  
  94  11:52  Spine Crawler  
  92  11:56  Spine Crawler  
  92  12:00  Drone x2  
  92  12:01  Drone  
  94  12:21  Drone x2  
  94  12:22  Drone x2  
  98  12:24  Drone x4  
  98  12:25  Drone x6  
  108  12:37  Drone  
  108  12:38  Ultralisk Cavern, Drone x2  
  108  12:42  Evolution Chamber  
  109  12:45  Evolution Chamber  
  109  12:47  Drone x2  
  109  12:49  Drone  
  111  13:03  Greater Spire  
  111  13:07  Drone  
  111  13:08  Drone  
  111  13:12  Spire  
  112  13:38  Ultralisk x4  
  112  13:39  Ultralisk  
  112  13:41  Overlord  
  142  13:52  Ultralisk x2  
  134  14:16  Ultralisk x3  
  152  14:24  Chitinous Plating  
  152  14:32  Zerg Melee Weapons Level 1, Extractor  
  152  14:33  Hatchery  
  152  14:35  Zerg Ground Armor Level 1  
  152  14:36  Extractor  
  149  14:41  Drone x3  
  149  14:42  Drone x2  
  154  14:49  Ultralisk  
  160  14:57  Ultralisk  
  166  15:00  Overlord  
  166  15:10  Ultralisk  
  172  15:15  Drone x5  
  172  15:17  Overlord  
  177  15:28  Ultralisk  
  181  15:39  Ultralisk x2  
  147  15:43  Anabolic Synthesis  
  147  15:44  Corruptor  
  129  16:01  Ultralisk x2  
  139  16:07  Drone  
  139  16:08  Drone x2  
  130  16:22  Overlord x3  
  130  16:27  Overseer  
  130  16:32  Overseer x2  
  130  16:45  Ultralisk  
  130  16:46  Ultralisk x3  
  142  16:47  Zergling x8  
  142  16:48  Zergling x6  
  149  16:57  Ultralisk  
  149  16:58  Ultralisk  
  159  17:12  Overlord x2  
  147  17:22  Extractor  
  138  17:23  Overlord x2  
  138  17:24  Ultralisk  
  138  17:25  Ultralisk x2  
  138  17:26  Hatchery, Extractor  
  151  17:41  Ultralisk x3  
  168  17:50  Ultralisk x2  
  177  17:52  Zergling x4  
  164  18:13  Drone x3  
Show
View Real Time Build Order
Export as new Build Order

Ulfast Terran - Winner!

Build Orders:  

Get SALT Encoding   

  12  0:00  SCV  
  13  0:12  SCV  
  14  0:19  Supply Depot  
  14  0:25  SCV  
  15  0:40  SCV  
  15  0:41  Barracks  
  16  0:51  Refinery  
  16  0:52  SCV  
  17  1:04  SCV  
  18  1:16  SCV  
  19  1:30  Orbital Command  
  19  1:39  Barracks Reactor  
  19  1:41  Command Center  
  19  1:54  Supply Depot  
  19  1:57  SCV  
  20  2:08  Barracks  
  20  2:10  SCV  
  21  2:18  Marine  
  21  2:19  Barracks  
  21  2:22  SCV  
  23  2:28  Marine  
  24  2:34  SCV  
  25  2:37  Marine  
  25  2:38  Engineering Bay  
  26  2:46  SCV  
  27  2:52  Factory  
  27  2:57  Barracks Tech Lab, Refinery  
  27  2:59  SCV  
  28  3:06  Orbital Command  
  28  3:09  Barracks Tech Lab  
  28  3:17  Stimpack  
  28  3:29  Orbital Command, Marine  
  28  3:30  Marine  
  28  3:32  Combat Shield  
  30  3:40  SCV  
  30  3:41  Factory Tech Lab  
  31  3:49  Marine x3  
  31  3:53  Refinery  
  34  3:58  Missile Turret  
  34  4:04  Siege Tank  
  34  4:09  SCV  
  38  4:13  Marine  
  38  4:14  Marine  
  40  4:22  Starport, Marine  
  41  4:24  SCV  
  41  4:25  SCV  
  41  4:30  Marine  
  44  4:31  Marine  
  44  4:35  Missile Turret  
  44  4:37  SCV  
  46  4:44  Supply Depot  
  46  4:46  SCV, Marine x2  
  46  4:48  Siege Tank  
  52  4:53  Marine x2  
  54  5:05  Marine x2  
  54  5:06  Missile Turret  
  56  5:11  Supply Depot  
  56  5:13  Marine x2  
  58  5:15  Medivac  
  60  5:23  Marine  
  60  5:25  SCV  
  60  5:27  SCV, Siege Tank  
  66  5:29  Refinery  
  66  5:37  SCV  
  66  5:39  SCV  
  66  5:40  Missile Turret  
  68  5:45  Medivac  
  68  5:48  Supply Depot  
  70  5:53  Marine x3  
  69  6:23  Marine x4  
  58  6:34  Siege Tank  
  61  6:41  Marine x4  
  65  6:50  SCV x2  
  67  6:54  Starport Reactor  
  67  6:59  Marine x4  
  71  7:02  SCV x2, Factory  
  73  7:11  Starport  
  73  7:14  SCV x2  
  75  7:16  Marine, Command Center  
  75  7:22  Marine x3  
  78  7:43  Marine x4  
  78  8:00  Marine  
  78  8:01  Marine x3  
  71  8:16  Starport Reactor  
  71  8:17  Viking x2  
  71  8:18  Marine x3  
  71  8:19  Marine  
  70  8:32  Orbital Command  
  62  8:34  Siege Tank  
  62  8:36  Marine x4  
  69  8:51  Viking x2  
  69  8:52  Orbital Command  
  69  8:54  Marine x4, Viking  
  79  8:57  SCV  
  79  9:02  SCV  
  77  9:06  Siege Tank  
  74  9:18  Missile Turret  
  74  9:21  SCV x3  
  77  9:27  Missile Turret  
  77  9:28  Supply Depot  
  77  9:30  Terran Infantry Weapons Level 1  
  76  9:41  SCV x3  
  79  9:53  SCV x2  
  79  9:58  Marine x2  
  79  9:59  Marine x2  
  85  10:03  Viking, Medivac x2  
  85  10:04  Viking  
  85  10:05  SCV x3  
  96  10:11  Siege Tank  
  99  10:16  Marine x3  
  99  10:17  SCV x2  
  99  10:19  Marine, Missile Turret  
  99  10:21  Missile Turret  
  105  10:34  Marine x3  
  108  10:37  Marine  
  109  10:42  Engineering Bay  
  109  10:44  Armory  
  109  10:50  Refinery  
  109  10:54  Marine x3  
  109  10:55  Supply Depot, SCV x2, Siege Tank  
  109  10:56  Supply Depot  
  117  11:04  SCV, Marine  
  119  11:07  SCV x2  
  121  11:12  Marine x3, Refinery  
  121  11:16  SCV  
  125  11:19  SCV x2  
  125  11:20  Terran Infantry Armor Level 1  
  125  11:21  Marine  
  125  11:22  Armory  
  128  11:30  Marine x3  
  131  11:39  Marine  
  132  11:43  SCV  
  132  11:44  SCV  
  134  11:47  Missile Turret  
  134  11:48  Marine x3  
  134  11:51  Siege Tank  
  140  11:57  Marine  
  141  12:06  Marine x3  
  144  12:10  Medivac x3  
  144  12:11  Medivac  
  144  12:15  Marine  
  153  12:24  Marine x3  
  153  12:26  SCV  
  157  12:41  Barracks  
  157  12:45  Barracks  
  157  12:47  Supply Depot, Terran Vehicle And Ship Armor Level 1, Terran Vehicle Weapons Level 1  
  157  12:49  Supply Depot  
  157  12:52  SCV, Marine x3, Siege Tank  
  157  12:56  Supply Depot  
  164  12:59  Medivac x4  
  172  13:09  Terran Infantry Weapons Level 2  
  172  13:24  Siege Tank  
  175  13:33  Marine x4  
  177  13:40  Barracks Tech Lab  
  177  13:41  Barracks Tech Lab, Factory  
  177  13:44  Barracks  
  177  13:49  Factory  
  177  13:51  Marine x2  
  179  13:56  Siege Tank  
  179  14:00  Missile Turret  
  179  14:01  Sensor Tower  
  175  14:17  Marine x3  
  175  14:18  Marine  
  175  14:21  Supply Depot  
  179  14:28  Siege Tank, Marauder x2  
  179  14:30  Command Center  
  186  14:33  Factory Tech Lab  
  186  14:34  Factory  
  186  14:35  Marine x3  
  189  14:42  Marine x2  
  191  14:49  Marine x2, Viking x4  
  194  14:53  Marine x3  
  195  15:00  Siege Tank, Marine  
  191  15:14  Siege Tank  
  191  15:18  Viking  
  191  15:19  Viking x2  
  191  15:20  Terran Infantry Armor Level 2  
  184  15:26  Medivac  
  181  15:33  Siege Tank  
  182  15:46  Siege Tank  
  182  15:48  Medivac  
  162  15:56  Marine x7  
  141  15:58  Viking x3  
  134  16:05  Siege Tank  
  131  16:13  Marine  
  131  16:14  Marine x6  
  136  16:18  Siege Tank, Viking  
  132  16:31  Marine x3  
  132  16:32  Marine x4  
  139  16:37  Siege Tank  
  139  16:38  Planetary Fortress  
  142  16:41  Missile Turret  
  142  16:45  Medivac x3  
  148  16:48  Viking  
  148  16:49  Marine x4  
  148  16:50  Siege Tank, Marine x3  
  147  17:07  Marine x6  
  147  17:08  Marine  
  154  17:15  Refinery  
  154  17:21  Refinery  
  154  17:25  Marine x7  
  161  17:37  Orbital Command  
  161  17:42  Marine  
  161  17:43  Marine x2  
  156  17:51  Marine x4  
  129  17:57  Medivac x4  
  136  18:00  Marine x2  
  136  18:01  Marine  
  138  18:09  Marine x4  
  145  18:17  Refinery  
  145  18:18  Refinery  
Show
View Real Time Build Order
Export as new Build Order

Ekelpack Zerg 

Build Orders: Hatch First, Lurkers 

Get SALT Encoding   

  12  0:00  Drone  
  13  0:13  Overlord  
  13  0:18  Drone  
  14  0:31  Drone x2  
  16  0:36  Drone  
  17  0:53  Drone, Hatchery  
  17  0:58  Extractor  
  16  1:09  Spawning Pool  
  15  1:12  Drone  
  15  1:16  Drone  
  17  1:19  Drone  
  18  1:29  Drone  
  19  1:39  Drone  
  20  1:59  Queen  
  20  2:00  Metabolic Boost  
  22  2:05  Queen  
  22  2:08  Drone  
  25  2:13  Drone  
  26  2:18  Overlord  
  26  2:20  Drone  
  27  2:24  Drone  
  28  2:30  Overlord  
  28  2:36  Drone  
  29  2:38  Drone x2  
  31  2:47  Lair  
  31  2:48  Drone  
  31  2:50  Drone  
  33  2:52  Extractor  
  32  3:02  Drone x2  
  34  3:06  Extractor  
  34  3:10  Drone  
  34  3:17  Zergling x6  
  37  3:23  Drone x3  
  37  3:24  Drone  
  41  3:30  Drone  
  42  3:35  Drone  
  42  3:39  Drone  
  44  3:44  Extractor  
  44  3:47  Drone  
  44  3:48  Overlord  
  44  3:52  Spire  
  44  3:53  Overlord  
  44  3:55  Drone  
  44  4:20  Drone x2  
  44  4:21  Drone  
  47  4:30  Zergling x2  
  47  4:31  Zergling x10  
  53  4:44  Zergling x6  
  53  4:45  Zergling x2, Overlord  
  57  4:48  Queen  
  59  4:56  Overlord x2  
  59  5:08  Zerg Flyer Weapons Level 1  
  59  5:09  Mutalisk  
  59  5:10  Mutalisk x3  
  67  5:17  Mutalisk x3  
  67  5:18  Mutalisk  
  74  5:35  Zergling x6  
  77  5:46  Zergling x10  
  82  5:56  Evolution Chamber  
  81  5:57  Zergling x4  
  83  6:06  Pneumatized Carapace  
  83  6:07  Overlord x2  
  51  6:29  Mutalisk x5  
  51  6:30  Mutalisk x2  
  51  6:32  Zergling x2  
  58  6:39  Zerg Melee Weapons Level 1  
  58  6:41  Zergling x4  
  58  6:45  Queen  
  62  6:58  Zergling x6  
  62  6:59  Zergling x2  
  66  7:05  Queen  
  68  7:09  Hatchery  
  67  7:17  Zergling x4  
  67  7:18  Zergling x14  
  76  7:25  Infestation Pit  
  75  7:49  Mutalisk x4  
  83  8:04  Zergling x2  
  80  8:09  Mutalisk x3  
  80  8:10  Overlord  
  73  8:44  Hydralisk Den  
  72  8:48  Zergling x4  
  72  8:49  Zergling x6, Overlord  
  72  8:50  Zergling x8  
  72  8:53  Zerg Ground Armor Level 1  
  81  9:14  Drone x2  
  81  9:16  Grooved Spines  
  83  9:17  Hydralisk x3  
  83  9:18  Hydralisk x7  
  83  9:19  Hydralisk  
  105  9:25  Overlord x2  
  104  9:40  Hydralisk  
  104  10:07  Muscular Augments  
  104  10:08  Hydralisk x6  
  104  10:09  Overlord  
  116  10:25  Hatchery  
  115  10:31  Hydralisk x2  
  115  10:32  Hydralisk x4  
  115  10:33  Overlord  
  127  10:41  Overlord x2  
  127  10:42  Overlord  
  127  10:47  Zerg Missile Weapons Level 1  
  127  11:01  Hydralisk x5  
  137  11:13  Hydralisk x4  
  137  11:14  Overlord, Hydralisk x4  
  137  11:15  Hydralisk x4  
  159  11:40  Drone x4, Overlord x2  
  159  11:41  Drone x5  
  159  11:42  Drone  
  169  11:53  Drone, Evolution Chamber  
  169  12:02  Extractor  
  169  12:03  Drone, Overlord x2, Extractor  
  168  12:12  Hive  
  168  12:20  Zerg Ground Armor Level 2  
  168  12:31  Hydralisk x4  
  176  12:42  Zerg Missile Weapons Level 2  
  176  12:52  Lurker Den  
  160  13:07  Hydralisk  
  160  13:08  Hydralisk x6  
  160  13:09  Hydralisk  
  175  13:27  Hydralisk x5  
  185  13:40  Overseer x4  
  185  13:50  Hydralisk x3  
  185  13:51  Hydralisk x2  
  183  14:25  Lurker x4  
  183  14:26  Lurker  
  188  14:38  Zerg Ground Armor Level 3  
  188  14:41  Hydralisk x5  
  188  14:42  Hydralisk  
  185  15:21  Unknown  
  183  15:31  Hydralisk  
  183  15:32  Hydralisk x6  
  183  15:33  Hydralisk x4  
  120  15:54  Hydralisk  
  120  15:55  Hydralisk x6  
  120  15:56  Hydralisk x3  
  88  16:28  Lurker x2  
  88  16:29  Lurker x2  
  89  16:33  Zergling x10  
  89  16:34  Zergling x10  
  76  16:59  Zergling x12  
  76  17:00  Zergling x6  
  57  17:21  Hydralisk x4  
  57  17:22  Hydralisk x2  
  46  17:55  Hydralisk  
  46  17:56  Hydralisk x2  
  43  18:04  Lurker  
Show
View Real Time Build Order
Export as new Build Order

Nyck Terran 

Build Orders: Command Center First 

Get SALT Encoding   

  12  0:00  SCV  
  13  0:12  SCV  
  14  0:17  Supply Depot  
  14  0:24  SCV  
  15  0:39  SCV  
  16  0:58  Command Center  
  16  1:00  SCV  
  17  1:12  Barracks  
  17  1:13  SCV  
  18  1:22  Refinery  
  18  1:26  SCV  
  18  1:31  Refinery  
  19  1:39  SCV  
  20  1:51  SCV  
  21  2:04  Supply Depot, SCV  
  22  2:09  Orbital Command  
  22  2:14  Factory  
  22  2:15  Barracks Tech Lab  
  22  2:22  SCV  
  23  2:34  SCV  
  23  2:35  SCV  
  25  2:47  Orbital Command  
  25  3:01  Starport  
  25  3:02  SCV  
  26  3:08  Barracks Tech Lab, Refinery  
  26  3:10  Refinery  
  26  3:13  SCV  
  26  3:14  SCV  
  26  3:15  Siege Tank  
  31  3:29  SCV x2  
  33  3:41  SCV x2  
  35  3:44  Fusion Core  
  35  3:53  SCV x2  
  37  3:57  Barracks Tech Lab  
  34  4:12  SCV x2  
  36  4:24  SCV x2  
  38  4:33  Battlecruiser  
  38  4:36  Starport  
  44  4:40  Command Center  
  44  4:42  Supply Depot, SCV x2  
  46  5:04  Supply Depot, SCV x2, Siege Tank  
  51  5:18  SCV x2  
  53  5:22  Starport Tech Lab  
  53  5:30  SCV  
  53  5:31  SCV  
  55  5:43  SCV x2  
  57  5:52  Battlecruiser x2  
  57  5:53  Orbital Command  
  57  5:55  SCV x2  
  71  6:01  Refinery  
  74  6:04  Siege Tank  
  74  6:07  Supply Depot, SCV x2  
  76  6:58  Siege Tank, Starport  
  79  7:04  Weapon Refit  
  79  7:07  SCV x2  
  79  7:08  SCV  
  82  7:19  SCV x2  
  82  7:20  SCV  
  85  7:26  Supply Depot  
  85  7:38  Refinery  
  85  7:42  Starport Tech Lab  
  85  7:48  SCV x2  
  85  7:49  Supply Depot  
  93  8:10  SCV  
  93  8:12  Supply Depot  
  94  8:37  Viking x2  
  94  8:38  Viking  
  82  8:45  Cyclone  
  85  9:00  Engineering Bay  
  85  9:01  Engineering Bay  
  85  9:05  Armory  
  85  9:06  Armory  
  85  9:07  Viking x2  
  85  9:08  Viking  
  85  9:17  Cyclone  
  88  9:30  SCV  
  88  9:31  SCV x2  
  91  9:42  SCV  
  91  9:43  SCV x2  
  94  9:55  SCV  
  94  9:56  Viking x3  
  101  10:01  Terran Infantry Weapons Level 1  
  101  10:02  Terran Infantry Armor Level 1  
  101  10:03  Terran Vehicle And Ship Armor Level 1  
  101  10:04  Terran Ship Weapons Level 1  
  101  10:16  SCV x2  
  101  10:17  SCV  
  108  10:33  Starport Reactor  
  104  10:37  Starport  
  104  10:38  Starport Reactor  
  104  10:39  Cyclone  
  104  10:42  Starport Reactor  
  107  10:45  Factory  
  107  10:50  SCV x2  
  109  11:01  Command Center  
  109  11:04  Supply Depot, SCV  
  110  11:13  SCV x2  
  110  11:15  Viking x2  
  116  11:26  Cyclone, Viking x3  
  116  11:27  Viking  
  116  11:28  Supply Depot  
  127  11:34  Cyclone  
  127  11:38  SCV  
  127  11:39  SCV x2  
  133  11:47  Viking x2  
  133  11:51  Supply Depot, SCV x3  
  140  11:58  Cyclone  
  140  11:59  Armory  
  140  12:00  Terran Vehicle And Ship Armor Level 2  
  140  12:01  Terran Ship Weapons Level 2, Terran Infantry Weapons Level 2  
  143  12:02  Terran Infantry Armor Level 2  
  143  12:06  Cyclone  
  143  12:07  Viking  
  148  12:11  Marine  
  148  12:12  Viking x2  
  148  12:14  Supply Depot  
  153  12:18  Orbital Command  
  153  12:19  Refinery  
  153  12:22  SCV x3  
  156  12:26  Viking x2  
  156  12:28  Marine  
  161  12:37  Supply Depot, SCV x3, Refinery  
  161  12:40  Cyclone  
  161  12:41  Cyclone  
  161  12:42  Viking x2  
  174  12:49  SCV  
  174  12:50  Terran Vehicle Weapons Level 1  
  175  12:54  Mag-Field Accelerator  
  175  12:57  Viking x2  
  179  12:58  Viking x2  
  179  13:02  Supply Depot  
  183  13:25  Supply Depot  
  183  13:42  Viking x4  
  183  13:43  Viking x2  
  183  13:46  Cyclone  
  198  13:48  Supply Depot  
  198  13:52  SCV x2  
  200  14:03  Cyclone  
  196  14:10  Supply Depot  
  196  14:17  SCV x3  
  196  14:18  SCV  
  200  14:37  Terran Vehicle And Ship Armor Level 3, Terran Ship Weapons Level 3  
  200  14:39  Terran Infantry Armor Level 3, Terran Infantry Weapons Level 3  
  200  14:45  Terran Vehicle Weapons Level 2  
  173  15:41  Siege Tank x2  
  165  15:43  Viking x2  
  165  15:44  Viking x4  
  139  16:13  Viking  
  139  16:32  Thor x2  
  151  16:34  Viking x2  
  151  16:35  Viking x3  
  147  17:07  Viking x5  
  147  17:08  Viking  
  159  17:15  Siege Tank x2, Marauder  
  167  17:23  SCV x4  
  171  17:37  Viking x3  
  175  17:47  Siege Tank x2  
  164  18:00  Viking  
  164  18:01  Viking x2  
Tags
 
Add a new tag
Caveats
  • Supply blocks, unpowered buildings, or Contaminate may cause inaccurate times.
  • Supply counts are checked every 10 seconds.